[Event "Early-Titled-Tuesday-Blitz-February-13-2024"]
[Site "Chess.com"]
[Date "2024.02.13"]
[Round "1"]
[White "noblerone"]
[Black "evgchess5"]
[Result "0-1"]
[WhiteElo "2522"]
[BlackElo "2968"]
[TimeControl "180+1"]
[EndTime "8:07:35 PST"]
[Termination "evgchess5 won by resignation"]

1. d4 Nf6 2. c4 e6 3. Nc3 d5 4. Nf3 Bb4 5. Qb3 c5 6. dxc5 Nc6 7. Bd2 d4 8. Nb1 Bxc5 9. g3 e5 10. Bg5 h6 11. Bxf6 Qxf6 12. Nbd2 Qe7 13. O-O-O e4 14.
Ne1 O-O 15. Bg2 f5 16. Kb1 Be6 17. Qa4 a6 18. Nb3 Ba7 19. c5 Bxc5 20. Nxc5 Qxc5 21.
Rc1 Qd6 22. Nc2 Rfd8 23. Qa3 Qe5 24. Rhd1 Rd7 25. Nb4 Nxb4 26. Qxb4 Rad8 27. Qa3 Kh7 28. h4 Qb5 29. Bf1 Qb6 30. Ka1 d3 31. e3 Rc7 32. Rxc7 Qxc7 33. Qc3 Qxc3 34. bxc3 Kg6 35. Kb2 Kf6 36. Rd2 Rd6 37. Rd1 Rb6+ 38. Ka1 Rc6 39. Rd2 Rxc3 40. Kb2 Rc5 41. a4 a5 42. Ka3 Rc3+ 43.
Kb2 Rb3+ 44. Kc1 Ra3 45. Rb2 Ra1+ 46. Kd2 Rxf1 47. Kc3 Rc1+ 0-1

[Event "Early-Titled-Tuesday-Blitz-February-13-2024"]
[Site "Chess.com"]
[Date "2024.02.13"]
[Round "1"]
[White "BursaBBSatranc"]
[Black "BJthechessgod"]
[Result "0-1"]
[WhiteElo "2709"]
[BlackElo "2417"]
[TimeControl "180+1"]
[EndTime "8:07:35 PST"]
[Termination "BJthechessgod won by resignation"]

1. d4 d5 2. Bf4 Nf6 3. e3 e6 4. Nf3 c5 5. c3 Nc6 6. Nbd2 cxd4 7. exd4 Nh5 8. Be3 Bd6 9. Bd3 O-O 10. O-O f5 11. Ne5 Nf6 12. Bf4 Qc7 13. Qe2 Bd7 14. Nxd7 Qxd7 15. Bxd6 Qxd6 16. Nf3 Ne4 17. Bb5 a6 18. Bxc6 bxc6 19. Ne5 c5 20. f3 cxd4 21. cxd4 Nf6 22. Rfe1 Rfc8 23. Nd3 Kf7 24. Rac1 Nd7 25.
b4 Rc4 26. Nc5 Rxd4 27. Nxe6 Rxb4 28. Qd2 Rb7 29. Qd4 Nf6 30. Ng5+ Kg8 31. Re6 Qa3 32. Rce1 Rf8 33. Rxf6 gxf6 34. Qxd5+ Kh8 35. Ne6 Re7 36. Qxf5 Qb4 37. Re2 Qb6+ 38. Kf1 Rff7 39. h4 Qb5 40.
Qf4 Rxe6 0-1

[Event "Early-Titled-Tuesday-Blitz-February-13-2024"]
[Site "Chess.com"]
[Date "2024.02.13"]
[Round "1"]
[White "nj123456"]
[Black "Grossboss19"]
[Result "0-1"]
[WhiteElo "2235"]
[BlackElo "2608"]
[TimeControl "180+1"]
[EndTime "8:07:35 PST"]
[Termination "Grossboss19 won by resignation"]

1. e4 c5 2. c3 Nc6 3. d4 d5 4. exd5 Qxd5 5. Nf3 Bg4 6. Be2 O-O-O 7. O-O Nf6 8. Be3 Qf5 9. Qa4 Nd5 10. Nbd2 e5 11. dxe5 Qg6 12. Nh4 Bxe2 13. Nxg6 hxg6 14. Rfe1 Bd3 15. Nf3 Be7 16. Rad1 Bf5 17. Qb3 Be6 18. Qa4 Nb6 19. Qf4 Bxa2 20. Ng5 Bxg5 21. Qxg5 Na4 22. e6 Bxe6 23. Bxc5 Rxd1 24. Rxd1 Rh5 25. Qf4 Nxc5 26. h3 Rh8 27. Qe3 Nd7 28.
b4 a6 29. Rb1 Bc4 30. Qf4 Nde5 31. Re1 f6 32. Qe3 g5 33. Qc5 Kb8 34. Qd6+ Ka8 35. Re4 Rd8 36. Qc5 Bd3 37. Re3 Bb5 38. Rg3 Nd3 39. Qe3 Nce5 40. Kh2 Nf4 41. Qe4 Bc6 42.
Qe3 Rd3 43. Qe1 Rxg3 44. fxg3 Nxg2 45. Qd2 Nf3+ 46. Kxg2 Nxd2+ 47. Kf2 Ne4+ 48. Ke3 Nxc3 49. Kd4 Nd5 50. Kc5 Ka7 51. b5 axb5 52. g4 Nf4 53. h4 gxh4 54. g5 fxg5 0-1

[Event "Early-Titled-Tuesday-Blitz-February-13-2024"]
[Site "Chess.com"]
[Date "2024.02.13"]
[Round "1"]
[White "viviania"]
[Black "Attacker_2006"]
[Result "1-0"]
[WhiteElo "2912"]
[BlackElo "2503"]
[TimeControl "180+1"]
[EndTime "8:07:36 PST"]
[Termination "viviania won on time"]

1. d4 e6 2. c4 Nf6 3. Nc3 d5 4.
cxd5 exd5 5. Bg5 c6 6. e3 Be7 7. Bd3 O-O 8. Qc2 h6 9. Bh4 Re8 10. Nge2 Nbd7 11. O-O Nf8 12. f3 b5 13. Bf2 Bd6 14. Ng3 Ne6 15. Rae1 Bd7 16. Nf5 Bf8 17. Bg3 a5 18. Kh1 Qb6 19. Be5 Qd8 20. Nd6 Bxd6 21. Bxd6 Bc8 22. Bg3 Ba6 23. Rc1 Rc8 24. a3 c5 25.
Bxb5 Bxb5 26. Nxb5 cxd4 27. Qxc8 Qxc8 28. Rxc8 Rxc8 29. Nxd4 Nxd4 30. exd4 Rc2 31. Rb1 a4 32. h3 Nh5 33. Be5 f6 34. Bd6 Rd2 35. g4 Rxd4 36.
gxh5 Rh4 37. Kg2 Rxh5 38. b4 Rg5+ 39. Kf2 Rh5 40. b5 Rxh3 41. b6 Rh1 42. Rxh1 1-0

[Event "Early-Titled-Tuesday-Blitz-February-13-2024"]
[Site "Chess.com"]
[Date "2024.02.13"]
[Round "1"]
[White "Thormento16"]
[Black "Akewjon"]
[Result "1-0"]
[WhiteElo "2462"]
[BlackElo "2789"]
[TimeControl "180+1"]
[EndTime "8:07:36 PST"]
[Termination "Thormento16 won by resignation"]

1. e4 c6 2. d4 d5 3. exd5 cxd5 4.
Bd3 Nc6 5. c3 Nf6 6. Bf4 Bg4 7.
Qb3 Qd7 8. Nd2 e6 9. Ngf3 Bxf3 10. Nxf3 a6 11. O-O Be7 12. Ne5 Nxe5 13. dxe5 Nh5 14. Be3 g6 15. Bh6 Bf8 16. Bg5 h6 17.
Be3 Be7 18. Rad1 Rd8 19. c4 d4 20. Be4 Bc5 21. Bc1 b6 22. Qf3 Qc7 23. Rfe1 Ng7 24.
a3 a5 25. Bd2 Nf5 26. Bxf5 gxf5 27. b4 axb4 28. axb4 Be7 29. Rc1 Bg5 30. Qd3 Rg8 31. c5 Kf8 32. cxb6 Qxb6 33. b5 Bxd2 34. Qxd2 Qxb5 35.
Qxh6+ Ke8 36. Rc7 d3 37. Qf6 Qd7 38. Rxd7 Rxd7 39. Rc1 Rd8 40. Rc7 1-0

[Event "Early-Titled-Tuesday-Blitz-February-13-2024"]
[Site "Chess.com"]
[Date "2024.02.13"]
[Round "1"]
[White "cthulhuuu"]
[Black "GelmanAlexander"]
[Result "0-1"]
[WhiteElo "2424"]
[BlackElo "2757"]
[TimeControl "180+1"]
[EndTime "8:07:36 PST"]
[Termination "GelmanAlexander won by checkmate"]

1. e4 c5 2. Nf3 e6 3. d3 Nc6 4. g3 Nf6 5. Bg2 d5 6. Nbd2 Be7 7. O-O O-O 8. e5 Nd7 9. Re1 b5 10. h4 Re8 11. Nf1 a5 12. Bf4 b4 13. Ne3 a4 14. a3 bxa3 15. bxa3 Rb8 16. h5 h6 17. Ng4 Bf8 18. Qd2 Ba6 19. Ngh2 Be7 20. g4 Rb2 21. g5 hxg5 22. Nxg5 Ndxe5 23. Bxe5 Bxg5 24. Qc3 Nxe5 25. Qxb2 Nc6 26. Ng4 f5 27. h6 gxh6 28. Ne5 Nxe5 29. Qxe5 Bf6 30. Qg3+ Kh7 31.
Rab1 Rg8 32. Qh3 Bc8 33. Rb8 Qc7 34. Reb1 Bd4 35. Kh1 Bxf2 36. Qh5 Qg3 37. Qf7+ Rg7 38. Qh5 Qxg2# 0-1

[Event "Early-Titled-Tuesday-Blitz-February-13-2024"]
[Site "Chess.com"]
[Date "2024.02.13"]
[Round "1"]
[White "Semetey"]
[Black "FredddieCroderg"]
[Result "1-0"]
[WhiteElo "2658"]
[BlackElo "2327"]
[TimeControl "180+1"]
[EndTime "8:07:36 PST"]
[Termination "Semetey won on time"]

1. e4 c6 2. Nc3 d5 3. Nf3 Bg4 4. h3 Bh5 5. exd5 cxd5 6. d4 Nc6 7. g4 Bg6 8. Bb5 Rc8 9. Ne5 e6 10. h4 f6 11. Nxg6 hxg6 12. Be3 Bb4 13. Qd3 Kf7 14. a3 Qa5 15. Bd2 Nge7 16. Kf1 a6 17. Bxc6 Rxc6 18. Kg2 Bxc3 19. Bxc3 Qc7 20. Qe3 f5 21. f3 Qd8 22.
Rae1 Ng8 23. g5 Ne7 24. Re2 Qc7 25. Qd3 Rc4 26. Be1 Nc8 27. Bg3 f4 28. Bf2 Nd6 29. Rhe1 Nf5 30. c3 Rc6 31. Rh1 b5 32. Re5 Rb6 33.
Qd2 a5 34. Qxf4 Qb7 35. Qg4 b4 36. axb4 axb4 37. h5 gxh5 38. Rxh5 Rg8 39. g6+ Ke8 40. Rhxf5 bxc3 41. bxc3 Rb2 42. Rf7 Rxf2+ 43. Kxf2 Qb2+ 44. Kg3 1-0

[Event "Early-Titled-Tuesday-Blitz-February-13-2024"]
[Site "Chess.com"]
[Date "2024.02.13"]
[Round "1"]
[White "Canal_Showdrez"]
[Black "ama18"]
[Result "0-1"]
[WhiteElo "2069"]
[BlackElo "2565"]
[TimeControl "180+1"]
[EndTime "8:07:36 PST"]
[Termination "ama18 won by checkmate"]

1. d4 Nf6 2. Nf3 e6 3. e3 b6 4. Bd3 Bb7 5. Nbd2 c5 6. b3 cxd4 7. exd4 Be7 8. O-O O-O 9. Bb2 d6 10. c4 Nbd7 11. Re1 Re8 12. Rc1 Rc8 13. Bb1 Bf8 14. Qc2 Qc7 15. Ng5 g6 16. f4 Bh6 17.
Ndf3 Nh5 18. g3 Nf8 19. Qc3 Bg7 20. Ba3 Nf6 21. Qb4 Red8 22. c5 dxc5 23. dxc5 Nd5 24. Qd2 bxc5 25. Rxc5 Qb6 26. b4 Nd7 27. Kg2 Nxc5 28.
bxc5 Qc7 29. Be4 Nc3 30. Qc2 Nxe4 31. Nxe4 Qc6 32. Ne5 Qd5 33. Kh3 Bxe5 34. fxe5 Qxe5 35. Qf2 Bxe4 36. Qf4 Qxf4 37. gxf4 Bf5+ 38. Kg3 Rd3+ 39. Kf2 Rxa3 40. Re3 Rxa2+ 41. Re2 Rxe2+ 42. Kxe2 Rxc5 43. Ke3 Rd5 44. Ke2 a5 45. Ke3 a4 46. h4 a3 47.
h5 a2 48. h6 a1=Q 49. Ke2 Qb2+ 50. Kf3 Rd3# 0-1

[Event "Early-Titled-Tuesday-Blitz-February-13-2024"]
[Site "Chess.com"]
[Date "2024.02.13"]
[Round "1"]
[White "Rap_woyska"]
[Black "starworld123"]
[Result "0-1"]
[WhiteElo "2468"]
[BlackElo "2839"]
[TimeControl "180+1"]
[EndTime "8:07:37 PST"]
[Termination "starworld123 won by resignation"]

1. c4 e6 2. Nf3 d5 3. g3 Nf6 4. Bg2 Be7 5. O-O O-O 6. d4 dxc4 7. Qc2 a6 8. a4 Nc6 9. Qxc4 Na5 10. Qc2 b6 11.
Nc3 Bb7 12. Rd1 Nd5 13. e4 Nb4 14. Qe2 Nb3 15. Rb1 a5 16. Qc4 Nxc1 17. Rbxc1 Ba6 18.
Qb3 Rc8 19. Ne5 Qe8 20. h4 c5 21. dxc5 Bxc5 22. Rd2 f6 23. Nf3 Bc4 24. Qd1 Rd8 25. Rxd8 Qxd8 26. Nb5 Qxd1+ 27. Rxd1 Bb3 28. Rd7 Bxa4 29.
Bf1 Bc2 30. e5 Be4 31. Nd2 Bc6 32. Rc7 fxe5 33. Rxc6 Nxc6 34. Ne4 Nd4 35. Nc7 Rc8 36.
Nxe6 Nxe6 37. Bc4 Bxf2+ 0-1

[Event "Early-Titled-Tuesday-Blitz-February-13-2024"]
[Site "Chess.com"]
[Date "2024.02.13"]
[Round "1"]
[White "ChessFanNM"]
[Black "Timerkhanov"]
[Result "0-1"]
[WhiteElo "2326"]
[BlackElo "2659"]
[TimeControl "180+1"]
[EndTime "8:07:37 PST"]
[Termination "Timerkhanov won by resignation"]

1. Nf3 d5 2. e3 Nf6 3. c4 c6 4. b3 g6 5. Bb2 Bg7 6. Be2 O-O 7. O-O a5 8. Nc3 Ne4 9. Rc1 Bg4 10. Qc2 Nxc3 11. Bxc3 Bxc3 12. Qxc3 Bxf3 13. Bxf3 e6 14. g3 Nd7 15. d4 Qf6 16. Bg2 Qe7 17. c5 f5 18. h4 e5 19. a3 f4 20. dxe5 fxg3 21.
fxg3 Nxe5 22. Qd4 Rxf1+ 23. Rxf1 Rf8 24. Rf4 Nd7 25. Rxf8+ Qxf8 26. b4 axb4 27. axb4 Qf6 28. Qxf6 Nxf6 29. Bf3 Kf7 30. Kf2 Ke6 31. Ke2 h5 32.
Kd3 Ke5 33. Bg2 Ng4 34. Bf3 Nf2+ 35. Ke2 Ne4 36. g4 hxg4 37. Bxg4 Ng3+ 38. Kf3 Nf5 39.
Bxf5 Kxf5 40. Kg3 Ke4 41. Kg4 Kxe3 42. Kg5 d4 43. Kxg6 d3 44. h5 d2 45. h6 d1=Q 46. h7 Qa1 0-1

[Event "Early-Titled-Tuesday-Blitz-February-13-2024"]
[Site "Chess.com"]
[Date "2024.02.13"]
[Round "1"]
[White "LangesNasenhaar"]
[Black "Kirill_Klukin"]
[Result "1/2-1/2"]
[WhiteElo "2475"]
[BlackElo "2828"]
[TimeControl "180+1"]
[EndTime "8:07:38 PST"]
[Termination "Game drawn by repetition"]

1. d4 Nf6 2. Nf3 e6 3. g3 d5 4.
Bg2 Be7 5. O-O O-O 6. c4 c6 7. Nc3 b6 8. Nd2 Bb7 9. e4 a5 10. cxd5 cxd5 11. e5 Nfd7 12. f4 Nc6 13. Nf3 Ba6 14. Re1 b5 15. f5 b4 16. fxe6 bxc3 17.
exd7 cxb2 18. Bxb2 Qxd7 19. h4 Rab8 20. Bc3 Bb4 21.
Rc1 Qg4 22. Kh2 Bxc3 23. Rxc3 Nb4 24. a3 Nd3 25. Rxd3 Bxd3 26. Qxd3 Rb2 27. Re2 Rfb8 28. Rxb2 Rxb2 29. Qc3 Rb8 30. Qc7 Rc8 31. Qxa5 Qe4 32. Qa7 h6 33. Ng5 Qf5 34. Nh3 Qd3 35. Nf4 Qd2 36. Qb7 Rf8 37. Qxd5 Qb2 38. e6 fxe6 39. Nxe6 Rf2 40. Nf4+ Kh7 41. Qa8 Qxd4 42. Qc6 Rxf4 43. gxf4 Qxf4+ 44. Kh1 Qxh4+ 45. Kg1 Qe1+ 46. Kh2 Qe5+ 47.
Kg1 Qa1+ 48. Kh2 Qe5+ 49. Kg1 Qe3+ 50. Kh2 Qf4+ 51. Kg1 Qc1+ 52. Kh2 Qf4+ 53. Kg1 Qe3+ 54. Kh2 Qe5+ 1/2-1/2

[Event "Early-Titled-Tuesday-Blitz-February-13-2024"]
[Site "Chess.com"]
[Date "2024.02.13"]
[Round "1"]
[White "Brave_spirit12"]
[Black "Bugcrusher"]
[Result "0-1"]
[WhiteElo "2759"]
[BlackElo "2445"]
[TimeControl "180+1"]
[EndTime "8:07:38 PST"]
[Termination "Bugcrusher won by resignation"]

1. e4 c6 2. d4 d5 3. exd5 cxd5 4. c4 Nf6 5. Nc3 Nc6 6. Nf3 a6 7. Bg5 Be6 8. Be2 g6 9. O-O Bg7 10. Bxf6 Bxf6 11. Qb3 Na5 12. Qa4+ Bd7 13. Qc2 Nxc4 14. Nxd5 Nd6 15. Nc7+ Kf8 16. Nxa8 Qxa8 17. Ne5 Be6 18. Bf3 Kg7 19. Qd2 Nf5 20. Bg4 Rd8 21. Bxf5 Bxf5 22. Rfe1 b5 23. Qf4 Qd5 24. Rad1 h6 25. b3 Bc2 26. Rd2 Bg5 27. Qxg5 hxg5 28. Rxc2 Qxd4 29.
Rce2 Qd5 30. Nf3 g4 31. Ne5 f5 32. g3 Rd6 33. Re3 Re6 34. Nxg4 Rxe3 35. Nxe3 Qd2 36.
Rd1 Qxa2 37. Rd7 Qxb3 38. Rxe7+ Kf8 39. Ra7 Qa4 40. h4 b4 41. Rb7 b3 42. h5 b2 43.
hxg6 Qa1+ 44. Kh2 b1=Q 45. g7+ Kg8 46. Rxb1 Qxb1 47. Nd5 Kxg7 48. Nf4 a5 49. Ne6+ Kf6 50. Nc5 Qb5 0-1

[Event "Early-Titled-Tuesday-Blitz-February-13-2024"]
[Site "Chess.com"]
[Date "2024.02.13"]
[Round "1"]
[White "verrbaa"]
[Black "dmitrijiIM"]
[Result "0-1"]
[WhiteElo "2496"]
[BlackElo "2901"]
[TimeControl "180+1"]
[EndTime "8:07:39 PST"]
[Termination "dmitrijiIM won by resignation"]

1. e4 e5 2. Nf3 Nc6 3. Bb5 Nge7 4. O-O a6 5. Ba4 Ng6 6. c3 d5 7. exd5 Qxd5 8. Re1 Bg4 9. Bxc6+ bxc6 10. d4 Bxf3 11. Qxf3 Qxf3 12. gxf3 O-O-O 13. Be3 exd4 14. cxd4 Nh4 15.
Kh1 Nxf3 16. Rc1 Nxd4 17. Nd2 Nf5 18. Ne4 Nxe3 19. fxe3 Kb7 20. Rc3 Re8 21. Ng5 Re7 22.
Rac1 f6 23. Nf3 Re8 24. Rxc6 Bd6 25. R6c3 Re4 26. Rb3+ Kc8 27. Kg2 Rhe8 28. Kf2 Kd7 29. Rd3 g6 30. h3 a5 31. Nd4 R8e5 32. a4 Rd5 33. Rcd1 f5 34. Nb5 Rxd3 35. Rxd3 Rxa4 36. Nc3 Rh4 37. Kg2 c6 38. Ne2 Rb4 39. Rd2 c5 40. Nc3 Kc6 41. Kf3 Be5 42. Rd8 Bxc3 43. bxc3 Rh4 44.
Kg3 Re4 45. Kf3 a4 46. Ra8 Kb5 47. Ra6 Kxa6 0-1

[Event "Early-Titled-Tuesday-Blitz-February-13-2024"]
[Site "Chess.com"]
[Date "2024.02.13"]
[Round "1"]
[White "stasOR4ik"]
[Black "AlexPapasimakopoulos"]
[Result "0-1"]
[WhiteElo "2406"]
[BlackElo "2733"]
[TimeControl "180+1"]
[EndTime "8:07:40 PST"]
[Termination "AlexPapasimakopoulos won by resignation"]

1. e4 e6 2. b3 d5 3. Bb2 Nf6 4. e5 Nfd7 5. d4 c5 6. f4 cxd4 7. Bxd4 Nc6 8. Bb2 Qb6 9. Nf3 Bc5 10.
Bd3 Nb4 11. Nc3 Nxd3+ 12. Qxd3 a6 13. Na4 Qa5+ 14. Bc3 Bb4 15. Qd2 Bxc3 16. Qxc3 Qxc3+ 17. Nxc3 b5 18. Nd4 Bb7 19. Kd2 Ke7 20. Rhe1 g6 21.
Rac1 b4 22. Na4 Rhc8 23. c3 a5 24. cxb4 axb4 25. Rxc8 Rxc8 26. Rc1 Rxc1 27. Kxc1 Nb8 28. Nc5 Bc8 29. Nd3 f6 30. Nxb4 fxe5 31. fxe5 Bb7 32. a4 Kd7 33. Kd2 Bc8 34. Kc3 Kc7 35. Nb5+ Kb6 36. Nd6 Bd7 37. Nc2 Nc6 38. Nf7 Be8 39. Ng5 Bd7 40. Nxh7 Nxe5 41. Nd4 Ng4 42. h3 Ne3 43.
Nf8 Be8 44. Nfxe6 Nxg2 45. Nf3 Bd7 46. Nf4 Nxf4 47. Kd4 Nxh3 48. Kxd5 Bc6+ 49. Ke5 Bxf3 50. b4 Be2 51. Kf6 Bd3 52. Ke5 Nf2 53. Kf4 Bf5 54. Ke3 Nd3 55. b5 Nc5 56. a5+ 0-1

[Event "Early-Titled-Tuesday-Blitz-February-13-2024"]
[Site "Chess.com"]
[Date "2024.02.13"]
[Round "1"]
[White "MVM2008"]
[Black "bubeliang"]
[Result "0-1"]
[WhiteElo "2472"]
[BlackElo "2847"]
[TimeControl "180+1"]
[EndTime "8:07:41 PST"]
[Termination "bubeliang won by checkmate"]

1. e4 c6 2. d4 d5 3. Nc3 dxe4 4. Nxe4 Nf6 5. Nxf6+ exf6 6. Bd3 Qxd4 7. Nf3 Qd8 8.
Qe2+ Be7 9. Be3 O-O 10. O-O-O Qa5 11. Kb1 Be6 12. b3 Na6 13. Bxa6 Qxa6 14. Qxa6 bxa6 15. Nd4 Bd5 16. f3 Rfc8 17. c4 Be6 18. Nxe6 fxe6 19.
Rd7 Bf8 20. Bxa7 e5 21. Rhd1 Re8 22. Bb6 e4 23. fxe4 Rxe4 24. R1d2 h6 25. c5 a5 26. Rc7 a4 27. Rxc6 Re1+ 28. Kb2 a3+ 29. Kc3 Rc1+ 30.
Kb4 Rb8 31. Kb5 Rb1 32. b4 Rb2 33. Rd7 Rxa2 34. Ra7 Re8 35. Rcc7 Re4 36. c6 Rxb4+ 37. Ka6 Rab2 38. Rd7 Rxb6+ 39. Ka5 a2 40. c7 a1=R# 0-1

[Event "Early-Titled-Tuesday-Blitz-February-13-2024"]
[Site "Chess.com"]
[Date "2024.02.13"]
[Round "1"]
[White "Kotlyar_K"]
[Black "campochess"]
[Result "1-0"]
[WhiteElo "2574"]
[BlackElo "2120"]
[TimeControl "180+1"]
[EndTime "8:07:41 PST"]
[Termination "Kotlyar_K won on time"]

1. e4 c5 2. Nf3 Nc6 3. Bb5 e5 4. O-O Bd6 5. c3 Nge7 6. Re1 O-O 7. d4 Qc7 8. d5 Nd8 9. Nbd2 Kh8 10. Bf1 Ng8 11. Nc4 f6 12. Be3 b6 13. Rc1 Nf7 14. b4 Be7 15. Qd2 d6 16. Red1 Bg4 17. Be2 f5 18. exf5 Bxf5 19. Na3 Nf6 20. Nb5 Qb8 21.
c4 a6 22. Na3 Ne4 23. Qe1 Bg6 24. Rb1 Qc8 25. bxc5 bxc5 26. Bd3 Qg4 27. Nc2 Nf6 28. h3 Qh5 29. Bxg6 Qxg6 30. Qe2 Nh5 31. Rb7 Bf6 32.
Nce1 Nf4 33. Bxf4 exf4 34. Qd3 Qh5 35. Qe4 Ne5 36. Nd3 1-0

[Event "Early-Titled-Tuesday-Blitz-February-13-2024"]
[Site "Chess.com"]
[Date "2024.02.13"]
[Round "1"]
[White "amylazy"]
[Black "TanitoluwaAps116"]
[Result "0-1"]
[WhiteElo "2437"]
[BlackElo "2789"]
[TimeControl "180+1"]
[EndTime "8:07:42 PST"]
[Termination "TanitoluwaAps116 won on time"]

1. d4 Nf6 2. Nf3 e6 3. Bf4 d5 4. e3 Bd6 5. Bg3 O-O 6. Bd3 c5 7. c3 Qc7 8. Nbd2 Nbd7 9. Rc1 e5 10. dxe5 Nxe5 11. Nxe5 Bxe5 12. Nf3 Bxg3 13. hxg3 h6 14. Bb1 Bg4 15. Qc2 Rfe8 16. O-O Rad8 17. Nh4 g6 18. Qa4 Kg7 19. b4 b6 20. bxc5 bxc5 21. Qc2 Qe5 22. Nxg6 fxg6 23. Qxg6+ Kf8 24. Qxh6+ Ke7 25. Qg7+ Ke6 26. c4 Re7 27. cxd5+ Kd7 28. Qg6 Rh8 29. Rfe1 Reh7 30. f3 Rh1+ 31. Kf2 Qb2+ 32. Rc2 Qe5 33. Rxh1 Rxh1 34. Rd2 Bxf3 35. Qf5+ Kd6 36. Qxe5+ Kxe5 37. gxf3 Rh2+ 0-1

[Event "Early-Titled-Tuesday-Blitz-February-13-2024"]
[Site "Chess.com"]
[Date "2024.02.13"]
[Round "1"]
[White "Happy1712Drummer"]
[Black "yaguigor"]
[Result "0-1"]
[WhiteElo "2393"]
[BlackElo "2722"]
[TimeControl "180+1"]
[EndTime "8:07:42 PST"]
[Termination "yaguigor won on time"]

1. e4 c5 2. Nf3 e6 3. c3 Nf6 4. e5 Nd5 5. d4 cxd4 6. cxd4 d6 7. Bc4 Nc6 8. O-O Be7 9. Qe2 O-O 10. Nc3 dxe5 11.
dxe5 Nxc3 12. bxc3 Qc7 13. Bd3 Rd8 14. h4 Bd7 15. h5 Be8 16. Qe4 g6 17. Bf4 Rd5 18.
Rad1 Rad8 19. Rfe1 R8d7 20. hxg6 hxg6 21. Bg5 Qd8 22.
Bxe7 Nxe7 23. Ng5 Nf5 24. Qe3 Rxd3 25. Rxd3 Rxd3 26. Qe2 Kg7 27. Ne4 Bb5 28. Nf6 a6 29. Qe4 Rd1 30. g4 Rxe1+ 31. Qxe1 Nh4 32. f4 Qh8 33. Qg3 g5 34. fxg5 Ng6 35. Ne4 Qh4 36. Qf3 Qe1+ 37. Kg2 Bc6 38. Qf6+ Kg8 39. Qd8+ Nf8 0-1

[Event "Early-Titled-Tuesday-Blitz-February-13-2024"]
[Site "Chess.com"]
[Date "2024.02.13"]
[Round "1"]
[White "MelihKaanCan"]
[Black "arctic_t00"]
[Result "0-1"]
[WhiteElo "2369"]
[BlackElo "2704"]
[TimeControl "180+1"]
[EndTime "8:07:43 PST"]
[Termination "arctic_t00 won on time"]

1. e4 e6 2. d4 d5 3. Nd2 c5 4.
exd5 exd5 5. Ngf3 Nc6 6. Bb5 Qe7+ 7. Qe2 Qxe2+ 8. Kxe2 a6 9. Bxc6+ bxc6 10. Re1 f6 11.
Kf1+ Kf7 12. dxc5 Bxc5 13. Nb3 Bd6 14. Be3 Bg4 15. Nfd4 Ne7 16. h3 Bd7 17. a4 Rab8 18. a5 c5 19. Nf3 d4 20. Bc1 Nd5 21. Nbd2 Nb4 22. Ne4 Be7 23. Bf4 Nxc2 24. Bxb8 Rxb8 25.
Rab1 Nxe1 26. Kxe1 Bf5 27. Nfd2 c4 28. g4 Bg6 29. f4 Bxe4 30. Nxe4 c3 31. b3 Bb4 32. Ke2 Ba3 33. Kd3 Rc8 34. b4 Ke6 35. Re1 Kd5 36.
Kc2 Bxb4 37. Nf2 Bxa5 38. Ra1 Rc5 39. Nd3 Rb5 40. Ra4 Ke4 41. Ra1 Ke3 42. Re1+ Kf3 43.
Rf1+ Kg2 44. Rf2+ Kg3 45. Re2 Bc7 46. Re1 Ra5 47. Rg1+ Kh2 0-1

[Event "Early-Titled-Tuesday-Blitz-February-13-2024"]
[Site "Chess.com"]
[Date "2024.02.13"]
[Round "1"]
[White "Preobrazhenska_D2011"]
[Black "Kildepiotr"]
[Result "0-1"]
[WhiteElo "2356"]
[BlackElo "2688"]
[TimeControl "180+1"]
[EndTime "8:07:43 PST"]
[Termination "Kildepiotr won by checkmate"]

1. e4 e6 2. d4 d5 3. Nc3 Bb4 4.
e5 b6 5. a3 Bxc3+ 6. bxc3 Ne7 7. f4 Qd7 8. Nf3 Ba6 9. Bxa6 Nxa6 10. O-O h5 11. Ng5 Nf5 12. Qd3 Nb8 13. a4 Nc6 14. Ba3 Na5 15. Rfb1 Nc4 16. Bc1 a5 17. Bd2 O-O-O 18.
Kf2 f6 19. Nf3 h4 20. Ke2 Kb7 21. Be1 Rh6 22. Bf2 Rdh8 23. g4 hxg3 24. hxg3 Rh3 25. Rg1 Qc6 26. Qd1 Nb2 27. Qe1 Nxa4 28. Ra3 Nb2 29.
Qb1 Nc4 30. Rb3 a4 31. Rb4 Ra8 32. Qa2 a3 33. Rb3 Ra4 34. Rbb1 Nh6 35. Rb4 Ng4 36. Rxa4 Qxa4 37. Rg2 Rh1 38. Ng1 Nxf2 39. Kxf2 Nb2 40. Kf3 f5 41. g4 Qa6 42. gxf5 Qf1+ 43. Kg3 Rxg1 44. Rxg1 Qxg1+ 45. Kh4 exf5 46. Kh3 Qg4+ 47. Kh2 Qxf4+ 48. Kh3 Qf3+ 49. Kh2 Nc4 50. Qb3 Ne3 51.
Qb5 Qg2# 0-1

[Event "Early-Titled-Tuesday-Blitz-February-13-2024"]
[Site "Chess.com"]
[Date "2024.02.13"]
[Round "1"]
[White "GoValya"]
[Black "krasavetc"]
[Result "0-1"]
[WhiteElo "2280"]
[BlackElo "2631"]
[TimeControl "180+1"]
[EndTime "8:07:43 PST"]
[Termination "krasavetc won on time"]

1. d4 Nf6 2. g3 g6 3. Bg2 Bg7 4. c4 Kf8 5. Nc3 d6 6. h3 Kg8 7. Nf3 h6 8. O-O Kh7 9. e4 Re8 10. Re1 Nc6 11. a3 e5 12. Be3 Ng8 13. dxe5 Nxe5 14. Nxe5 dxe5 15. Qc2 c6 16. Rad1 Qe7 17. b4 a5 18. c5 Be6 19. Rd6 Nf6 20. Red1 axb4 21.
axb4 Red8 22. b5 Ne8 23. Rxd8 Rxd8 24. bxc6 bxc6 25. Qa4 Rxd1+ 26. Nxd1 Qd7 27. Nb2 Nc7 28. Nc4 Nb5 29. Nb6 Qd8 30. Bf1 Nc3 31. Qb4 Nd1 32. Qa4 Nxe3 33. fxe3 Qd2 34. Qxc6 Qxe3+ 35. Kh2 Qf2+ 36.
Bg2 h5 37. h4 Bh6 38. Qb5 Be3 39.
Qf1 Qc2 40. Kh1 Bxc5 41. Na8 Bd4 42. Qe1 Qc6 43. Qe2 Qxa8 0-1

[Event "Early-Titled-Tuesday-Blitz-February-13-2024"]
[Site "Chess.com"]
[Date "2024.02.13"]
[Round "1"]
[White "remyrushbrooke"]
[Black "crazy_but_lazy"]
[Result "0-1"]
[WhiteElo "2245"]
[BlackElo "2610"]
[TimeControl "180+1"]
[EndTime "8:07:43 PST"]
[Termination "crazy_but_lazy won by resignation"]

1. Nf3 Nf6 2. g3 d5 3. Bg2 c6 4. c4 g6 5. cxd5 cxd5 6. d4 Bg7 7. Nc3 O-O 8. O-O Ne4 9. Ne5 Nxc3 10. bxc3 Nc6 11. Nxc6 bxc6 12. Bf4 Qa5 13. Qd2 Bf5 14. Rfe1 Rac8 15. Rac1 Rfd8 16. e4 dxe4 17. Bxe4 Bxe4 18. Rxe4 e6 19. Bg5 Rd7 20. Bh6 Bh8 21. Qe3 Re8 22.
c4 Qxa2 23. d5 cxd5 24. cxd5 Qxd5 25. Rec4 Bd4 26. Qf4 Bg7 27. Rc8 Rdd8 28. R8c7 e5 29. Qg5 Bxh6 30. Qxh6 e4 31. R1c3 a5 32. Qf4 Rd7 33.
R7c5 Qe6 34. Rxa5 Qh3 35. Rc1 Rde7 36. Ra3 Qd7 37. Re3 h5 38. Rce1 Qd5 39. h4 Kg7 40. Kg2 Re6 41. Kg1 Qc6 42. Kg2 Qd5 43. R1e2 R8e7 44.
Qd6 Qxd6 0-1

[Event "Early-Titled-Tuesday-Blitz-February-13-2024"]
[Site "Chess.com"]
[Date "2024.02.13"]
[Round "1"]
[White "arnash_bauyrzhan"]
[Black "SlavenPastar"]
[Result "1-0"]
[WhiteElo "2282"]
[BlackElo "2605"]
[TimeControl "180+1"]
[EndTime "8:07:44 PST"]
[Termination "arnash_bauyrzhan won on time"]

1. e4 b6 2. d4 Bb7 3. Nc3 e6 4. Nf3 Bb4 5. Bd3 Nf6 6. Qe2 d5 7. e5 Ne4 8. Bd2 Nxd2 9. Nxd2 c5 10. Qg4 g6 11. a3 Bxc3 12. bxc3 Ba6 13. O-O O-O 14. Nf3 Kg7 15. Rab1 Qe7 16. h4 h5 17.
Qg3 c4 18. Be2 Qxa3 19. Ng5 Rh8 20. Rb4 Nd7 21. Qf4 Raf8 22. Nh3 Bc8 23. Qg3 a5 24.
Rbb1 Qe7 25. f4 Bb7 26. f5 exf5 27. Rxf5 Bc8 28. Rbf1 Nb8 29. Rxh5 Rxh5 30. Bxh5 Rh8 31. Bg4 Bxg4 32. Qxg4 Rxh4 33. Qg3 Rh5 34. e6 fxe6 35. Qxb8 1-0